 Dungeon Crawl Stone Soup version 0.23-a0-49-gd9f7a49 (webtiles) character file.

3021 Amnesiac the Geomancer (level 9, -7/57 HPs)
             Began as a Mummy Earth Elementalist on Aug 6, 2018.
             Was a Follower of Vehumet.
             Mangled by a death yak (19 damage)
             ... on level 7 of the Dungeon.
             The game lasted 00:13:31 (9207 turns).

Amnesiac the Geomancer (Mummy Earth Elementalist)   Turns: 9207, Time: 00:13:31

Health: -7/57      AC:  7    Str: 11    XL:     9   Next: 55%
Magic:  12/22      EV: 12    Int: 19    God:    Vehumet [*.....]
Gold:   400        SH:  0    Dex: 13    Spells: 12/27 levels left

rFire    x . .     SeeInvis +   b - +2 longbow (velocity)
rCold    + . .     Gourm    .   (shield currently unavailable)
rNeg     + + +     Faith    .   l - +1 robe of Vexation {+Blink +Fly}
rPois    ∞         Spirit   .   i - +1 helmet
rElec    .         Reflect  .   k - +0 cloak
rCorr    .         Harm     .   j - +0 pair of gloves
MR       +....                  (no boots)
Stlth    ++........             (no amulet)
HPRegen  0.19/turn              e - +2 ring of intelligence
MPRegen  0.18/turn              m - ring of see invisible

@: no status effects
A: no food or potions, fire vulnerability, cold resistance 1, negative energy
resistance 3, torment resistance, unbreathing
a: Renounce Religion, Evoke Blink, Evoke Flight


You were on level 7 of the Dungeon.
You worshipped Vehumet.
Vehumet was aware of your devotion.
You were not hungry.

You visited 2 branches of the dungeon, and saw 9 of its levels.

You collected 400 gold pieces.

Inventory:

Hand Weapons
 a - a +0 falchion of protection
 b - a +2 longbow of velocity (weapon)
Missiles
 w - 92 stones
 x - 172 arrows (quivered)
Armour
 i - a +1 helmet (worn)
 j - a +0 pair of gloves (worn)
 k - a +0 cloak (worn)
 l - the +1 robe of Vexation (worn) {+Blink +Fly}
   (You found it on level 4 of the Dungeon)

   It lets you fly.
   It lets you blink.
 n - a +0 troll leather armour
Jewellery
 e - a +2 ring of intelligence (left hand)
 m - a ring of see invisible (right hand)
Wands
 d - a wand of digging (24)
 t - a wand of polymorph (13)
Scrolls
 c - a scroll of identify {!r}
 g - 7 scrolls of teleportation {!r}
 h - 3 scrolls of fog {!r}
 p - 2 scrolls of enchant armour {!r}
 q - a scroll of blinking {!r}
 u - 2 scrolls of remove curse {!r}


   Skills:
 - Level 1.5 Dodging
 - Level 1.5 Stealth
 + Level 9.5 Spellcasting
 - Level 0.7 Transmutations
 * Level 9.6 Earth Magic


You had 12 spell levels left.
You knew the following spells:

 Your Spells              Type           Power        Failure   Level  Hunger
a - Stone Arrow           Conj/Erth      ####..       3%          3    N/A
b - Passwall              Tmut/Erth      ####....     1%          2    N/A
c - Sandblast             Erth           #####.       1%          1    N/A
d - Lee's Rapid Deconstr  Erth           #####.....   4%          5    N/A
e - Petrify               Tmut/Erth      ####....     10%         4    N/A

Your spell library contained the following spells:

 Spells                   Type           Power        Failure   Level  Hunger
 Spider Form              Tmut/Pois      ##........   21%         3    N/A
 Blade Hands              Tmut           ##........   85%         5    N/A
 Ice Form                 Ice/Tmut       ##......     54%         4    N/A
 Sticks to Snakes         Tmut           ##......     9%          2    N/A
 Beastly Appendage        Tmut           ##....       6%          1    N/A

Dungeon Overview and Level Annotations

Branches:
Dungeon (8/15)             Temple (1/1) D:7            Lair (0/6) D:8

Altars:
Ashenzari
Dithmenos
Gozag
Hepliaklqana
Makhleb
Qazlal
Ru
Sif Muna
Trog
Vehumet
Wu Jian
Xom
Zin
The Shining One

Shops:
D:5 %!!(


Innate Abilities, Weirdness & Mutations

You do not eat or drink.
Your flesh is vulnerable to fire.
You are immune to poison.
Your flesh is cold resistant. (rC+)
You are immune to negative energy. (rN+++)
You are immune to unholy pain and torment.
You can survive without breathing.


Message History

Aiming: Lee's Rapid Deconstruction (safe; 4% risk of failure)
Press: ? - help, Dir - move target cursor A rock wall.
The wall shatters!
The blast of rock fragments hits the death yak.
The death yak is lightly wounded.
The blast of rock fragments hits the death yak.
The death yak is moderately wounded.
The blast of rock fragments hits the yak.
The yak is almost dead.
Casting: Lee's Rapid Deconstruction (safe; 4% risk of failure)
Confirm with . or Enter, or press ? or * to list all spells.
Aiming: Lee's Rapid Deconstruction (safe; 4% risk of failure)
Press: ? - help, Dir - move target cursor A rock wall.
The wall shatters!
The blast of rock fragments hits the yak.
You kill the yak!
Vehumet accepts your kill.
You feel your power returning.
The blast of rock fragments hits the death yak.
The death yak is moderately wounded.
Unknown command.
Casting: Lee's Rapid Deconstruction (safe; 4% risk of failure)
Confirm with . or Enter, or press ? or * to list all spells.
Aiming: Stone Arrow (safe; 3% risk of failure)
Press: ? - help, Shift-Dir - straight line The stone arrow hits the death yak.
The death yak is moderately wounded.
Unknown command.
The death yak gores you.
Casting: Stone Arrow (safe; 3% risk of failure)
Confirm with . or Enter, or press ? or * to list all spells.
Aiming: Stone Arrow (safe; 3% risk of failure)
Press: ? - help, Shift-Dir - straight line, f - death yak
Aim: a death yak (moderately wounded)
The stone arrow hits the death yak.
The death yak is moderately wounded.
Put on which piece of jewellery? (? for menu, Esc to quit)
Okay, then.
The death yak barely misses you.
Casting: Stone Arrow (safe; 3% risk of failure)
Confirm with . or Enter, or press ? or * to list all spells.
Aiming: Stone Arrow (safe; 3% risk of failure)
Press: ? - help, Shift-Dir - straight line, f/p - death yak
Aim: a death yak (moderately wounded)
The stone arrow hits the death yak.
The death yak is moderately wounded.
The death yak gores you!!
Unknown command.
There is a stone staircase leading up here.
The death yak gores you!
* * * LOW HITPOINT WARNING * * *
You climb upwards.
There is a stone staircase leading down here.
The death yak snorts and paws the ground.
The death yak gores you!
* * * LOW HITPOINT WARNING * * *
Okay, then.
Okay, then.
You fail to use your ability.
The death yak gores you!
* * * LOW HITPOINT WARNING * * *
You fail to use your ability.
The death yak gores you!!
You die...

##..........##
##............##
#..............#
#..............# #####
#..............# #....
#..............# #....
#..............########.%..
##.......?........)........
##......Y@..#########.....
######.##### ##....## #.##
#..#..#. #####..####
####.##..'.
#.........####....###.#.
#..>......#....#####..##
#........[..#### #....
#..........## #....
#.........## #....


You could see a death yak.

Vanquished Creatures
  A troll (D:7)
  Grinder (D:3)
  Sigmund (D:3)
  A yak (D:8)
  A hungry ghost (D:7)
  An orc warrior (D:6)
  A swamp drake (D:6)
  An ice beast (D:7)
  2 black bears (D:7)
  2 phantoms
  2 ogres
  A centaur (D:7)
  A crocodile (D:5)
  A big kobold (D:6)
  A scorpion (D:6)
  A howler monkey (D:4)
  A bullfrog zombie (D:8)
  A centaur zombie (D:5)
  2 crimson imps (D:5)
  2 hounds
  A jelly (D:5)
  4 orc wizards
  Crazy Yiuf (D:2)
  2 bullfrog skeletons
  5 orc priests
  A centaur skeleton (D:2)
  5 worker ants
  A hound zombie (D:5)
  8 gnolls
  A howler monkey skeleton (D:7)
  8 adders
  2 shadow imps (D:7)
  An adder zombie (D:5)
  5 worms
  4 dart slugs (D:1)
  5 leopard geckos
  9 orcs
  3 ball pythons
  6 giant cockroaches
  12 goblins
  4 hobgoblins
  13 jackals
  6 quokkas
  9 bats
  3 frilled lizards
  A jackal zombie (D:4)
  13 kobolds
  A quokka skeleton (D:7)
  5 rats
  2 plants (D:1)
166 creatures vanquished.

Vanquished Creatures (collateral kills)
  A crimson imp (D:7)
1 creature vanquished.

Vanquished Creatures (others)
  A plant (D:1)
1 creature vanquished.

Grand Total: 168 creatures vanquished

Notes
Turn   | Place    | Note
-------+----------+-------------------------------------------
     0 | D:1      | Amnesiac the Mummy Earth Elementalist began the quest for the Orb.
     0 | D:1      | Reached XP level 1. HP: 13/13 MP: 4/4
   680 | D:1      | Reached XP level 2. HP: 19/19 MP: 5/5
   684 | D:1      | Learned a level 2 spell: Passwall
  1282 | D:5      | Entered Level 5 of the Dungeon
  1285 | D:5      | Reached XP level 3. HP: 24/24 MP: 4/7
  1392 | D:5      | Reached XP level 4. HP: 30/30 MP: 7/9
  1401 | D:5      | Learned a level 3 spell: Stone Arrow
  1406 | D:5      | Learned a level 4 spell: Petrify
  1414 | D:5      | Noticed an ogre
  1609 | D:4      | Found an ornate altar of the Wu Jian Council.
  1669 | D:4      | Reached XP level 5. HP: 29/35 MP: 9/11
  2282 | D:4      | Got a faintly glowing robe
  2349 | D:3      | Noticed Grinder
  2483 | D:6      | Noticed an orc warrior
  2554 | D:5      | Found Jemifriq's Distillery.
  2628 | D:5      | Reached XP level 6. HP: 41/41 MP: 5/13
  2687 | D:5      | Found Vullocla's Distillery.
  2702 | D:5      | Reached skill level 5 in Spellcasting
  2702 | D:5      | Reached skill level 5 in Earth Magic
  2719 | D:5      | Found Rups's Weapon Shoppe.
  3182 | D:5      | Found Namet's Food Shop.
  3208 | D:5      | Learned a level 5 spell: Lee's Rapid Deconstruction
  3219 | D:5      | Reached XP level 7. HP: 18/46 MP: 6/15
  3497 | D:7      | Noticed a hungry ghost
  3503 | D:7      | Killed a hungry ghost
  3598 | D:6      | Identified the cursed +1 robe of Vexation {+Blink +Fly} (You found it on level 4 of the Dungeon)
  4386 | D:6      | Reached XP level 8. HP: 37/52 MP: 0/18
  5018 | D:7      | Noticed a troll
  5632 | D:7      | Found a staircase to the Ecumenical Temple.
  5641 | Temple   | Entered the Ecumenical Temple
  5672 | Temple   | Became a worshipper of Vehumet
  6674 | D:2      | Reached * piety under Vehumet
  6674 | D:2      | Offered knowledge of Flame Tongue by Vehumet.
  6906 | D:2      | Found a runed door.
  6910 | D:2      | Noticed Crazy Yiuf
  6917 | D:2      | Killed Crazy Yiuf
  7107 | D:3      | Noticed Sigmund
  7116 | D:3      | Killed Sigmund
  7116 | D:3      | Reached XP level 9. HP: 47/57 MP: 10/21
  7517 | D:3      | Paralysed by Grinder for 2 turns
  7520 | D:3      | Killed Grinder
  7665 | D:6      | Noticed Duvessa
  7671 | D:6      | Noticed Dowan
  7691 | D:6      | Noticed Duvessa
  7691 | D:6      | Duvessa changed into Duvessa the worm
  7699 | D:6      | Noticed Dowan
  7699 | D:6      | Dowan changed into Dowan the swamp drake
  7964 | D:6      | Killed Dowan the swamp drake
  7974 | D:6      | Killed Duvessa the worm
  8308 | D:7      | Killed a troll
  9014 | D:8      | Noticed a death yak
  9096 | D:8      | Found a staircase to the Lair.
  9098 | D:8      | Noticed a death yak
  9098 | D:8      | Noticed a death yak
  9207 | D:7      | Mangled by a death yak

Vault maps used:
D:1:      roderic_crop_circles_arrival_large
D:2:      minmay_quantized, uniq_crazy_yiuf_cottage
D:3:      uniq_sigmund, uniq_grinder
D:4:      lemuel_doored_altar
D:5:      serial_shops, nicolae_shop_window_shopping, nicolae_shop_trees,
          nicolae_shop_statue_plus, nicolae_shop_behind_doors, first_ration,
          amethyst_killhole, kennysheep_generic_room_15
D:6:      bh_walls_and_bars, uniq_duvessa
D:7:      temple_fountains, minmay_misc_feat_room
D:8:      grunt_temple_overflow_open, dpeg_lair_monsters,
          hangedman_pestilent_swarm
Temple:   cyrus_circular_temple

Skill      XL: |  1  2  3  4  5  6  7  8  9 |
---------------+----------------------------+-----
Earth Magic    | 3 4 5 6 8 9 |  9.6
Spellcasting   | 3 4 5 6 8 9 |  9.5
Dodging        | |  1.5
Stealth        | |  1.5
Transmutations | |  0.7

Action                   |  1- 3 |  4- 6 |  7- 9 || total
-------------------------+-------+-------+-------++-------
Melee: Whip              |   198 |    51 |     4 ||   253
       Unarmed           |    68 |       |       ||    68
       Falchion          |       |       |    81 ||    81
 Fire: Longbow           |       |       |    20 ||    20
 Cast: Sandblast         |    14 |    68 |    11 ||    93
       Passwall          |       |     3 |       ||     3
       Stone Arrow       |       |       |   160 ||   160
       Lee's Rapid Decon |       |       |    20 ||    20
Evoke: Wand              |       |       |     6 ||     6
  Use: Scroll            |       |     4 |    10 ||    14
 Stab: Sleeping          |     5 |       |     1 ||     6
Armor: Robe              |    17 |    23 |    77 ||   117
Dodge: Dodged            |    42 |    47 |   110 ||   199
       Rpst.: Falchion   |       |       |    27 ||    27

Table legend:
 A = Spawn XP
 B = Non-spawn XP
 C = Spawn XP percentage of total XP
 D = Spawn monster count
 E = Non-spawn monster count
 F = Spawn count percentage of total count
 G = Total turns spent on level
                    A         B        C        D         E        F      G
               +---------+---------+-------+---------+---------+-------+---------
         Total |       0 |    4317 |   0.0 |       0 |     165 |   0.0 |  9207
               +---------+---------+-------+---------+---------+-------+---------
           D:1 |       0 |      57 |   0.0 |       0 |      27 |   0.0 |  1650
           D:2 |       0 |     148 |   0.0 |       0 |      26 |   0.0 |   909
           D:3 |       0 |     562 |   0.0 |       0 |      20 |   0.0 |   708
           D:4 |       0 |     242 |   0.0 |       0 |      13 |   0.0 |  1234
           D:5 |       0 |     549 |   0.0 |       0 |      18 |   0.0 |  1457
           D:6 |       0 |     996 |   0.0 |       0 |      28 |   0.0 |  2051
           D:7 |       0 |    1293 |   0.0 |       0 |      25 |   0.0 |   924
           D:8 |       0 |     345 |   0.0 |       0 |       7 |   0.0 |   223
        Temple |       0 |     125 |   0.0 |       0 |       1 |   0.0 |    51
               +---------+---------+-------+---------+---------+-------+---------
